 Dungeon Crawl Stone Soup version 0.23.1-37-gaa34b87b72 (webtiles) character file.

Game seed: 16145971784863523300

109 GGGomer the Covered (level 4, -4/40 HPs)
             Began as a Minotaur Fighter on Mar 24, 2019.
             Slain by an orc warrior
             ... wielding a +1 scimitar of venom
              (14 damage)
             ... on level 3 of the Dungeon.
             The game lasted 00:04:32 (2184 turns).

GGGomer the Covered (Minotaur Fighter)              Turns: 2184, Time: 00:04:32

Health: -4/40      AC:  8    Str: 21    XL:     4   Next: 59%
Magic:  3/3        EV:  8    Int:  5    God:
Gold:   102        SH:  9    Dex: 10    Spells: 3/3 levels left

rFire    . . .     SeeInvis .   a - +0 war axe
rCold    . . .     Gourm    .   c - +0 shield
rNeg     . . .     Faith    .   b - +0 scale mail
rPois    .         Spirit   .   (helmet restricted)
rElec    .         Reflect  .   j - +0 cloak
rCorr    .         Harm     .   (no gloves)
MR       .....                  (no boots)
Stlth    ..........             (no amulet)
HPRegen  0.13/turn              (no ring)
MPRegen  0.08/turn              (no ring)

@: lethally poisoned (-4 -> -9)
A: retaliatory headbutt, horns 2
a: no special abilities


You were on level 3 of the Dungeon.
You were not hungry.

You visited 1 branch of the dungeon, and saw 3 of its levels.

You collected 102 gold pieces.

Inventory:

Hand Weapons
 a - a +0 war axe (weapon)
Missiles
 f - 47 sling bullets
 i - 26 arrows
 k - 60 stones (quivered)
 l - 18 javelins
Armour
 b - a +0 scale mail (worn)
 c - a +0 shield (worn)
 j - a +0 cloak (worn)
Jewellery
 o - an uncursed ring of see invisible {unknown}
 p - an uncursed ring of see invisible {unknown}
Scrolls
 e - 5 scrolls of remove curse {unknown}
 g - 7 scrolls of identify {unknown}
 m - a scroll of enchant weapon {unknown}
 n - a scroll of immolation {unknown}
 q - a scroll of noise {unknown}
 s - a scroll of teleportation {unknown}
Potions
 d - a potion of might
 h - a potion of magic {unknown}
 r - a potion of brilliance {unknown}


   Skills:
 + Level 4.1 Fighting
 + Level 3.6 Axes
 + Level 4.6 Armour
 + Level 1.3 Dodging
 + Level 0.1 Stealth
 + Level 4.3 Shields


You had 3 spell levels left.
You didn't know any spells.
Your spell library contained the following spells:

 Spells                   Type           Power        Failure   Level  Hunger
 Magic Dart               Conj           #...         99%         1    ##.....
 Blink                    Tloc           N/A          100%        2    ###....
 Call Imp                 Summ           #.......     100%        2    ###....
 Slow                     Hex            #.......     100%        2    ###....
 Conjure Flame            Conj/Fire      #.......     100%        3    ####...
 Mephitic Cloud           Conj/Pois/Air  #.......     100%        3    ####...


Dungeon Overview and Level Annotations

Branches:
Dungeon (3/15)

Altars:


Innate Abilities, Weirdness & Mutations

You reflexively headbutt those who attack you in melee.
You have a pair of horns on your head.


Message History

The orc warrior hits you with a +1 scimitar of venom!
The orc shouts!
You completely miss the orc warrior.
The orc warrior hits you with a +1 scimitar of venom!
You hit the orc warrior but do no damage.
You headbutt the orc warrior.
The orc warrior is lightly wounded.
The orc warrior hits you with a +1 scimitar of venom.
* * * LOW HITPOINT WARNING * * *
You are poisoned.
You are too injured to fight recklessly!
You are too injured to fight recklessly!
You are too injured to fight recklessly!
You are too injured to fight recklessly!
You are too injured to fight recklessly!
You barely miss the orc warrior. Your headbutt misses the orc warrior.
The orc warrior is lightly wounded.
You feel sick.
The orc warrior hits you with a +1 scimitar of venom!
You die...

############
#.......##.############
#.#####...#.....<......
####..###..#####.###
#....## ##.#####.###
#.##..###...........
#.##o##.#.#.#.#####.##.
#...oo@.##.##.......##.
####.##.......#####....
#.########## ###.. #.#
####### #.# #o#
#.....#####.# #.#
#..>..##..... #o#
#.....##.##.. o.#
#.....##†##..
#.)...##.#...


You could see an orc warrior and 2 orcs.

Vanquished Creatures
  An orc wizard (D:3)
  2 oozes
  2 worms (D:2)
  A dart slug (D:3)
  3 leopard geckos
  An orc (D:3)
  4 giant cockroaches (D:1)
  5 goblins
  6 hobgoblins
  9 jackals (D:2)
  5 bats
  2 frilled lizards
  9 kobolds
  9 rats
59 creatures vanquished.

Notes
Turn   | Place    | Note
-------+----------+-------------------------------------------
     0 | D:1      | GGGomer the Minotaur Fighter began the quest for the Orb.
     0 | D:1      | Reached XP level 1. HP: 19/19 MP: 0/0
   190 | D:1      | Reached XP level 2. HP: 26/27 MP: 1/1
   558 | D:1      | Reached XP level 3. HP: 31/33 MP: 2/2
  1398 | D:2      | Found a faded altar of an unknown god.
  1557 | D:2      | Reached skill level 1 in Dodging
  1912 | D:3      | Reached XP level 4. HP: 40/40 MP: 3/3
  2173 | D:3      | Noticed an orc warrior
  2184 | D:3      | Slain by an orc warrior

Skill      XL: |  1  2  3 |
---------------+----------+-----
Armour         | 4 |  4.6
Shields        | 4 |  4.3
Fighting       | 4 |  4.1
Axes           | 3 |  3.6
Dodging        | 1 |  1.3
Stealth        | |  0.1

Action                   |  1- 3 |  4- 6 || total
-------------------------+-------+-------++-------
Melee: War axe           |   110 |    24 ||   134
       Headbutt          |    16 |     2 ||    18
  Eat: Ration            |     2 |       ||     2
Armor: Scale mail        |    45 |     9 ||    54
Dodge: Dodged            |    43 |     6 ||    49
Block: Shield            |    73 |     9 ||    82
